Map: Romanticide LE

Players

Neeb

  • Race: Protoss Protoss
  • Spawn Location: 11:00

PartinG - Winner!

  • Race: Protoss Protoss
  • Spawn Location: 5:00

Event: IEM Katowice 2021

VOD

Have the link to the VOD?

Description

Time

  • Played on: Feb. 25, 2021, 9:41 a.m.
  • Length: 11:16

All games in this series

Show
View Real Time Build Order
Export as new Build Order

Neeb Protoss 

Build Orders: Phoenix Opening, Blink Stalkers, Zealot Archon, Dark Templar Rush 

Get SALT Encoding   

  12  0:00  Probe  
  13  0:12  Probe  
  14  0:17  Pylon  
  14  0:24  Probe (Chrono Boost)  
  15  0:36  Gateway, Probe (Chrono Boost)  
  16  0:44  Probe (Chrono Boost)  
  16  0:46  Assimilator  
  17  0:51  Probe  
  17  0:54  Assimilator  
  18  1:03  Probe (Chrono Boost)  
  19  1:08  Gateway  
  19  1:12  Probe (Chrono Boost)  
  19  1:17  Probe (Chrono Boost)  
  21  1:26  Cybernetics Core  
  21  1:29  Probe  
  22  1:38  Pylon  
  22  1:41  Probe  
  23  1:56  Probe  
  24  2:03  Stalker, Sentry  
  24  2:05  Warp Gate (Chrono Boost)  
  24  2:08  Probe  
  29  2:16  Pylon  
  29  2:20  Probe  
  30  2:32  Probe  
  30  2:34  Stalker  
  30  2:37  Phoenix  
  32  2:46  Nexus  
  32  2:56  Twilight Council  
  32  2:59  Probe  
  32  3:05  Shield Battery  
  33  3:11  Probe (Chrono Boost)  
  34  3:13  Pylon  
  34  3:23  Probe (Chrono Boost)  
  35  3:32  Probe (Chrono Boost)  
  36  3:38  Probe, Dark Shrine  
  37  3:48  Stalker x2  
  39  3:50  Probe  
  39  3:51  Blink (Chrono Boost)  
  42  4:01  Probe  
  43  4:04  Probe  
  44  4:13  Stalker, Probe  
  44  4:16  Probe  
  48  4:19  Stalker  
  49  4:25  Probe  
  49  4:30  Probe  
  49  4:31  Assimilator  
  49  4:40  Probe  
  49  4:42  Probe  
  50  4:49  Dark Templar  
  50  4:52  Dark Templar, Probe  
  55  4:55  Probe  
  55  5:04  Probe  
  57  5:07  Probe  
  57  5:09  Forge  
  57  5:11  Nexus  
  57  5:16  Probe  
  57  5:19  Probe  
  59  5:21  Pylon  
  59  5:28  Probe  
  59  5:34  Probe  
  59  5:40  Probe  
  60  5:43  Gateway  
  60  5:45  Sentry  
  60  5:46  Probe, Gateway  
  63  5:51  Robotics Facility  
  63  5:54  Protoss Ground Weapons Level 1 (Chrono Boost), Probe  
  64  5:58  Pylon  
  64  6:02  Photon Cannon  
  64  6:06  Stalker  
  64  6:07  Charge, Probe  
  68  6:12  Pylon  
  68  6:16  Probe  
  68  6:18  Stalker  
  68  6:21  Probe (Chrono Boost)  
  68  6:24  Gateway  
  71  6:26  Gateway  
  71  6:28  Probe (Chrono Boost)  
  73  6:33  Probe (Chrono Boost)  
  73  6:34  Gateway  
  73  6:38  Probe (Chrono Boost)  
  73  6:39  Probe (Chrono Boost)  
  75  6:40  Observer  
  75  6:42  Probe (Chrono Boost)  
  75  6:43  Probe  
  75  6:44  Shield Battery  
  75  6:46  Dark Templar, Probe  
  81  6:53  Archon  
  80  6:56  Stalker x2  
  80  7:00  Probe x3  
  77  7:01  Observer  
  77  7:05  Stalker  
  78  7:13  Pylon  
  77  7:17  Pylon  
  77  7:18  Probe  
  77  7:20  Probe  
  77  7:22  Probe  
  78  7:30  Probe (Chrono Boost)  
  78  7:32  Probe (Chrono Boost)  
  78  7:34  Probe (Chrono Boost)  
  81  7:42  Shield Battery, Probe (Chrono Boost)  
  81  7:44  Probe (Chrono Boost)  
  84  7:45  Probe (Chrono Boost)  
  84  7:46  Zealot  
  84  7:47  Zealot x2  
  84  7:48  Protoss Ground Weapons Level 2 (Chrono Boost), Probe (Chrono Boost)  
  84  7:49  Probe (Chrono Boost)  
  84  7:50  Probe (Chrono Boost)  
  93  7:58  Probe  
  93  8:01  Probe  
  93  8:04  Probe  
  92  8:10  Probe  
  92  8:11  Warp Prism  
  95  8:13  Probe  
  95  8:16  Probe  
  95  8:17  Pylon  
  97  8:22  Dark Templar x2  
  101  8:27  Nexus  
  101  8:30  Archon  
  101  8:34  Zealot  
  101  8:35  Zealot x2  
  101  8:39  Zealot  
  101  8:40  Zealot  
  111  8:49  Gateway  
  111  8:52  Gateway  
  111  8:56  Gateway  
  111  9:02  Zealot x3, Templar Archives  
  117  9:05  Pylon  
  117  9:14  Pylon  
  117  9:15  Pylon  
  117  9:17  Pylon, Photon Cannon  
  117  9:18  Pylon  
  117  9:22  Photon Cannon  
  117  9:30  Zealot x2  
  121  9:34  Pylon  
  121  9:38  High Templar  
  121  9:39  Zealot x3, High Templar  
  121  9:42  Archon  
  131  9:55  Zealot x5  
  141  10:03  Zealot x2  
  141  10:14  Zealot x3  
  147  10:23  High Templar  
  147  10:24  Zealot x5, High Templar  
  161  10:29  Pylon  
  161  10:30  Archon, Pylon  
  161  10:35  Pylon  
  161  10:37  Pylon, Assimilator  
  161  10:38  Assimilator  
  157  10:50  Zealot x5  
  157  10:52  Zealot  
  157  10:53  Zealot x4  
  157  10:54  Zealot  
  112  11:08  Zealot x4  
Show
View Real Time Build Order
Export as new Build Order

PartinG Protoss - Winner!

Build Orders: Oracle Opening, Zealot Archon 

Get SALT Encoding   

  12  0:00  Probe  
  13  0:12  Probe  
  14  0:17  Pylon  
  14  0:24  Probe  
  15  0:36  Probe (Chrono Boost)  
  15  0:37  Gateway  
  16  0:46  Assimilator, Probe (Chrono Boost)  
  17  0:51  Probe (Chrono Boost)  
  17  0:54  Assimilator  
  18  1:03  Probe (Chrono Boost)  
  19  1:08  Gateway  
  19  1:12  Probe (Chrono Boost)  
  19  1:17  Probe (Chrono Boost)  
  20  1:25  Cybernetics Core  
  21  1:29  Probe  
  22  1:35  Pylon  
  22  1:41  Probe  
  23  1:53  Probe  
  24  2:01  Stalker, Warp Gate  
  24  2:02  Stalker  
  28  2:13  Pylon  
  28  2:22  Shield Battery  
  29  2:38  Stargate  
  28  2:46  Nexus  
  28  2:53  Shield Battery  
  28  2:57  Probe  
  29  3:02  Sentry  
  31  3:09  Probe  
  31  3:18  Oracle (Chrono Boost)  
  31  3:21  Probe  
  31  3:25  Pylon  
  35  3:33  Probe  
  36  3:46  Oracle (Chrono Boost), Probe  
  40  3:49  Adept  
  40  3:53  Adept  
  44  3:59  Probe (Chrono Boost)  
  46  4:04  Probe (Chrono Boost)  
  46  4:08  Probe (Chrono Boost)  
  47  4:12  Probe (Chrono Boost), Twilight Council  
  47  4:13  Probe (Chrono Boost)  
  49  4:17  Assimilator  
  50  4:25  Probe (Chrono Boost)  
  50  4:28  Probe (Chrono Boost)  
  51  4:33  Probe (Chrono Boost)  
  51  4:37  Probe (Chrono Boost)  
  51  4:39  Probe  
  51  4:43  Blink (Chrono Boost)  
  50  4:47  Gateway  
  50  4:50  Probe  
  50  4:51  Probe  
  52  4:52  Pylon  
  52  5:04  Stalker x2  
  52  5:05  Probe x2  
  58  5:11  Gateway  
  58  5:13  Dark Shrine  
  58  5:18  Forge  
  55  5:36  Stalker x2  
  55  5:42  Probe x2  
  59  5:51  Protoss Ground Weapons Level 1 (Chrono Boost)  
  59  5:52  Photon Cannon  
  59  5:57  Probe  
  59  5:58  Probe  
  59  6:03  Nexus  
  61  6:06  Pylon  
  61  6:09  Probe  
  61  6:10  Probe  
  63  6:16  Pylon  
  63  6:25  Dark Templar x2  
  67  6:28  Dark Templar  
  67  6:30  Probe x2  
  71  6:32  Assimilator  
  71  6:41  Shield Battery  
  71  6:43  Probe x2  
  73  6:49  Stalker  
  73  6:51  Gateway  
  73  6:52  Pylon  
  75  6:55  Probe x2  
  75  6:56  Charge (Chrono Boost)  
  77  7:07  Stalker x2, Probe x2  
  83  7:17  Archon  
  83  7:19  Probe x3  
  86  7:25  Stalker x2, Robotics Facility  
  86  7:31  Probe  
  86  7:33  Gateway  
  86  7:35  Probe  
  88  7:38  Gateway  
  88  7:40  Probe  
  88  7:43  Shield Battery, Probe  
  90  7:46  Protoss Ground Weapons Level 2 (Chrono Boost)  
  90  7:50  Gateway, Probe  
  91  7:52  Probe  
  91  7:55  Probe  
  93  8:03  Probe  
  93  8:04  Probe  
  93  8:05  Zealot x3  
  97  8:07  Sentry, Probe  
  97  8:12  Zealot  
  104  8:14  Observer  
  104  8:15  Pylon  
  104  8:18  Gateway x2  
  105  8:22  Templar Archives  
  105  8:33  Pylon  
  105  8:35  Nexus  
  105  8:38  Pylon  
  105  8:43  Zealot x3  
  105  8:46  Warp Prism (Chrono Boost)  
  111  8:55  Zealot x3  
  119  9:00  Dark Templar  
  121  9:04  Zealot, High Templar x2  
  121  9:08  Archon  
  127  9:11  Photon Cannon, Observer  
  127  9:13  Zealot, Shield Battery  
  129  9:20  Zealot x2  
  133  9:25  Pylon x2  
  133  9:27  Pylon  
  133  9:28  Pylon  
  133  9:41  Pylon  
  133  9:43  High Templar x2  
  133  9:44  Zealot x5  
  147  9:48  Archon  
  145  9:53  Zealot  
  145  9:54  Zealot x2  
  151  10:03  Observer  
  151  10:08  Zealot x5  
  159  10:21  Zealot x5  
  160  10:30  High Templar x2  
  160  10:32  Zealot x3  
  160  10:34  Assimilator  
  170  10:35  Assimilator  
  170  10:39  Archon  
  170  10:43  High Templar  
  170  10:44  Zealot x4  
  176  10:54  Zealot x2  
  176  10:55  Zealot  
  158  11:02  Zealot x2  
  147  11:11  Zealot x4  

Tags
 
Add a new tag
Caveats
  • Supply blocks, unpowered buildings, or Contaminate may cause inaccurate times.
  • Supply counts are checked every 10 seconds.